[Event "ICC tourney 2156 (40 10)"]
[Site "Internet Chess Club"]
[Date "2020.11.22"]
[Round "1"]
[White "JunlinTheWorld"]
[Black "jxfan1"]
[Result "1-0"]
[ICCResult "Black checkmated"]
[WhiteElo "1837"]
[BlackElo "1334"]
[Opening "Scotch gambit"]
[ECO "C44"]
[NIC "SO.06"]
[Time "11:02:07"]
[TimeControl "2400+10"]

1. e4 e5 2. Nf3 Nc6 3. d4 exd4 4. Bc4 Bc5 5. c3 dxc3 6. Bxf7+ Kxf7 7. Qd5+
Ke8 8. Qh5+ g6 9. Qxc5 d6 10. Qxc3 Qf6 11. Qc2 Be6 12. Nc3 Nge7 13. Bg5 Qf7
14. Nb5 Rc8 15. Qc3 Kd7 16. Rd1 a6 17. Na7 Nxa7 18. Ne5+ Ke8 19. Nxf7 Kxf7
20. Qf6+ Kg8 21. Bh6 Bxa2 22. Qg7# {Black checkmated} 1-0

[Event "ICC tourney 2156 (40 10)"]
[Site "Internet Chess Club"]
[Date "2020.11.22"]
[Round "1"]
[White "Frankiechess11"]
[Black "coolsportsguy"]
[Result "0-1"]
[ICCResult "White resigns"]
[WhiteElo "1716"]
[BlackElo "2314"]
[Opening "French: Steinitz variation"]
[ECO "C11"]
[NIC "FR.04"]
[Time "11:02:04"]
[TimeControl "2400+10"]

1. e4 e6 2. d4 d5 3. Nc3 Nf6 4. e5 Nfd7 5. f4 c5 6. Nf3 Nc6 7. dxc5 Bxc5 8.
Bb5 O-O 9. Bxc6 bxc6 10. Qd3 f6 11. Be3 fxe5 12. fxe5 Rxf3 13. gxf3 Qh4+ 14.
Kd1 Nxe5 15. Qe2 Bxe3 16. Qxe3 Nc4 17. Qc1 Ba6 18. b3 Qd4+ {White resigns}
0-1

[Event "ICC tourney 2156 (40 10)"]
[Site "Internet Chess Club"]
[Date "2020.11.22"]
[Round "1"]
[White "espark"]
[Black "tricksterssbu"]
[Result "1-0"]
[ICCResult "Black resigns"]
[WhiteElo "2328"]
[BlackElo "1691"]
[Opening "Giuoco Piano"]
[ECO "C54"]
[NIC "IG.02"]
[Time "11:02:10"]
[TimeControl "2400+10"]

1. e4 e5 2. Nf3 Nc6 3. Bc4 Bc5 4. c3 Nf6 5. d4 exd4 6. e5 Qe7 7. O-O Ng4 8.
cxd4 Bb6 9. Nc3 O-O 10. h3 Nh6 11. Nd5 Qe8 12. Bxh6 gxh6 13. Nf6+ Kh8 14.
Qd3 {Black resigns} 1-0

[Event "ICC tourney 2156 (40 10)"]
[Site "Internet Chess Club"]
[Date "2020.11.22"]
[Round "1"]
[White "JonnyTurgi"]
[Black "Ananya22609"]
[Result "1-0"]
[ICCResult "Black checkmated"]
[WhiteElo "2089"]
[BlackElo "1591"]
[Opening "QGD semi-Slav: anti-Meran, Lilienthal variation"]
[ECO "D44"]
[NIC "SL.07"]
[Time "11:01:55"]
[TimeControl "2400+10"]

1. d4 d5 2. c4 c6 3. Nf3 Nf6 4. Nc3 e6 5. Bg5 dxc4 6. e4 b5 7. e5 h6 8. Bh4
g5 9. Nxg5 hxg5 10. Bxg5 Nbd7 11. g3 Qb6 12. exf6 Bb7 13. Bg2 O-O-O 14. O-O
c5 15. dxc5 Nxc5 16. Qe2 Bd6 17. a4 Bxg2 18. Kxg2 Qc6+ 19. f3 b4 20. Nb5 Kb7
21. Qxc4 Rh5 22. h4 a5 23. Nxd6+ Qxd6 24. Rfd1 Nd3 25. Rac1 Qe5 26. Qc6+ Ka7
27. Be3+ Qxe3 28. Qc7+ Ka8 29. Qxd8+ Kb7 30. Rc7+ Ka6 31. Qa8+ Kb6 32. Qc6#
{Black checkmated}
1-0

[Event "ICC tourney 2156 (40 10)"]
[Site "Internet Chess Club"]
[Date "2020.11.22"]
[Round "1"]
[White "AJ2000"]
[Black "jy2020"]
[Result "0-1"]
[ICCResult "White resigns"]
[WhiteElo "1655"]
[BlackElo "2219"]
[Opening "Sicilian: Prins (Moscow) variation"]
[ECO "B55"]
[NIC "SI.01"]
[Time "11:02:00"]
[TimeControl "2400+10"]

1. e4 c5 2. Nf3 d6 3. d4 cxd4 4. Nxd4 Nf6 5. f3 e5 6. Nb3 d5 7. Bg5 Be6 8.
exd5 Qxd5 9. Bxf6 Qxd1+ 10. Kxd1 gxf6 11. Nc3 Nc6 12. Bd3 O-O-O 13. Ke2 Nb4
14. Rad1 Nxd3 15. Rxd3 Bc4 16. Rd1 Be7 17. Ke3 Bxd3 18. Rxd3 Rxd3+ 19. cxd3
f5 20. f4 f6 21. Nd5 Re8 22. d4 Bd8 23. Kf3 exf4 24. Nxf4 Bc7 25. Nd5 Bxh2
26. Nxf6 Re7 27. Nc5 Bd6 28. Nd5 Bxc5 29. Nxe7+ Bxe7 30. Kf4 Bf6 31. Kxf5
Bxd4 32. b3 Kd7 33. Kg5 Be3+ 34. Kf5 Kd6 35. Ke4 Bg5 36. g4 h6 37. Kd4 Bf6+
38. Ke4 Kc5 39. Kd3 Kb4 40. Kc2 Ka3 41. Kb1 Be5 42. b4 Kxb4 43. Kc2 Ka3 44.
Kd3 Kxa2 45. Ke4 Bf6 46. Kf5 Bg5 47. Kg6 b5 48. Kh5 b4 49. Kg6 b3 50. Kh5 b2
51. Kg6 b1=Q+ 52. Kh5 Qh1+ 53. Kg6 Qh4 {White resigns} 0-1

[Event "ICC tourney 2156 (40 10)"]
[Site "Internet Chess Club"]
[Date "2020.11.22"]
[Round "1"]
[White "mnm1"]
[Black "runtilmorrow1"]
[Result "0-1"]
[ICCResult "White resigns"]
[WhiteElo "1469"]
[BlackElo "1966"]
[Opening "Sicilian: Prins (Moscow) variation"]
[ECO "B55"]
[NIC "SI.01"]
[Time "11:02:29"]
[TimeControl "2400+10"]

1. e4 c5 2. Nf3 d6 3. d4 cxd4 4. Nxd4 Nf6 5. f3 g6 6. Be3 Bg7 7. c4 Nc6 8.
Nc3 O-O 9. Be2 Bd7 10. O-O Nxd4 11. Bxd4 Bc6 12. Nd5 Bxd5 13. cxd5 Nd7 14.
Rc1 Rc8 15. Qd2 Bxd4+ 16. Qxd4 Qa5 17. a3 Nc5 18. b4 Nb3 19. Qb2 Qb6+ 20.
Kh1 Nxc1 21. Rxc1 Qf2 22. Rf1 Qe3 23. Re1 Rc7 24. Qa1 Rfc8 25. Bf1 Rc1 26.
Rxe3 Rxa1 27. Kg1 Rcc1 28. Kf2 Rxf1+ 29. Kg3 Rfc1 30. Kf4 Ra2 31. Kg3 Rcc2
{White resigns}
0-1

[Event "ICC tourney 2156 (40 10)"]
[Site "Internet Chess Club"]
[Date "2020.11.22"]
[Round "1"]
[White "aquilesboy"]
[Black "che2468"]
[Result "1-0"]
[ICCResult "Black checkmated"]
[WhiteElo "1964"]
[BlackElo "1452"]
[Opening "Réti opening"]
[ECO "A06"]
[NIC "QP.09"]
[Time "11:02:02"]
[TimeControl "2400+10"]

1. Nf3 d5 2. e3 Nc6 3. d4 Nf6 4. c4 Bf5 5. Nc3 e6 6. a3 Be7 7. Be2 O-O 8.
O-O Na5 9. b3 c5 10. dxc5 Bxc5 11. b4 Nxc4 12. bxc5 Qa5 13. Bd2 Nxd2 14.
Qxd2 Rac8 15. Nxd5 Qxd2 16. Nxf6+ gxf6 17. Nxd2 Rxc5 18. Rfc1 Rfc8 19. Nb3
Rc3 20. Rxc3 Rxc3 21. Nd4 Be4 22. Bf3 Bxf3 23. gxf3 a6 24. Kf1 b5 25. Ke1 e5
26. Nf5 a5 27. Kd2 Rc5 28. Rc1 Rd5+ 29. Ke2 b4 30. Rc8+ Rd8 31. Rxd8#
{Black checkmated}
1-0

[Event "ICC tourney 2156 (40 10)"]
[Site "Internet Chess Club"]
[Date "2020.11.22"]
[Round "1"]
[White "Chesssaga"]
[Black "ToughTurtle"]
[Result "1-0"]
[ICCResult "Black resigns"]
[WhiteElo "1979"]
[BlackElo "1479"]
[Opening "Petrov: Nimzovich attack"]
[ECO "C42"]
[NIC "RG.03"]
[Time "11:02:12"]
[TimeControl "2400+10"]

1. e4 e5 2. Nf3 Nf6 3. Nxe5 d6 4. Nf3 Nxe4 5. Nc3 Nf6 6. d4 d5 7. Bd3 c6 8.
O-O Be7 9. Ne5 O-O 10. Bf4 Be6 11. Re1 Nbd7 12. h3 h6 13. Ng6 Re8 14. Nxe7+
Rxe7 15. b3 Nb6 16. Qf3 Rc8 17. Bxh6 Qf8 18. Bg5 Nbd7 19. Qg3 Qd8 20. f4 Qa5
21. Na4 b5 22. Nc5 Qc3 23. Bh7+ Kxh7 24. Qxc3 Ne4 25. Nxe4 {Black resigns}
1-0

[Event "ICC tourney 2156 (40 10)"]
[Site "Internet Chess Club"]
[Date "2020.11.22"]
[Round "1"]
[White "KnightHopper"]
[Black "che8642"]
[Result "1/2-1/2"]
[ICCResult "Game drawn by mutual agreement"]
[WhiteElo "2010"]
[BlackElo "1531"]
[Opening "Sicilian: Smith-Morra gambit"]
[ECO "B21"]
[NIC "SI.48"]
[Time "11:01:56"]
[TimeControl "2400+10"]

1. e4 c5 2. d4 cxd4 3. c3 dxc3 4. Nxc3 Nc6 5. Bc4 e6 6. Nf3 Nge7 7. Bg5 f6
8. Nb5 Ng6 9. Be3 a6 10. Nbd4 Nxd4 11. Qxd4 b5 12. Bb3 Bb7 13. O-O Be7 14.
Rfd1 Bc6 15. Rac1 O-O 16. Bxe6+ dxe6 17. Rxc6 e5 18. Qd5+ Qxd5 19. exd5 Rfc8
20. Bb6 Bd8 21. Rdc1 Rxc6 22. Rxc6 Ne7 23. Re6 Bxb6 24. Rxe7 Rd8 25. Re6
Rxd5 26. Kf1 Bd4 27. Nxd4 Rxd4 28. Rxa6 Kf7 29. Ra5 Rb4 30. b3 g5 31. Ke2
Ke6 32. Kd3 Rd4+ 33. Kc3 b4+ 34. Kc2 Kf5 35. Rc5 Ke4 36. Rc4 Rxc4+ 37. bxc4
Kd4 38. Kb3 Kc5 39. g4 e4 40. h3 h6 41. Kc2 Kxc4 42. Kd2 Kd4 43. Kc2 Kc4 44.
Kd2 Kb5 45. Ke3 Ka4 46. Kd4 Ka3 47. Kc4 Ka4 48. Kd4 Ka3
{Game drawn by mutual agreement}
1/2-1/2

[Event "ICC tourney 2156 (40 10)"]
[Site "Internet Chess Club"]
[Date "2020.11.22"]
[Round "1"]
[White "SanthoshA"]
[Black "GutsyEdge"]
[Result "0-1"]
[ICCResult "White checkmated"]
[WhiteElo "1541"]
[BlackElo "2034"]
[Opening "Sicilian: Kan, Maróczy bind (Réti variation)"]
[ECO "B40"]
[NIC "SI.43"]
[Time "11:01:58"]
[TimeControl "2400+10"]

1. e4 c5 2. Nf3 e6 3. c4 a6 4. d4 cxd4 5. Nxd4 Nf6 6. Nc3 Bb4 7. Bd3 Nc6 8.
Nb3 O-O 9. O-O d6 10. a3 Bxc3 11. bxc3 Qc7 12. Bf4 b6 13. Nd4 Na5 14. Bg5
Nd7 15. Qe2 Nc5 16. Rab1 Nxd3 17. Qxd3 Nxc4 18. Rb4 Ne5 19. Qg3 f6 20. Bd2
Bd7 21. h4 Nc6 22. Nxc6 Bxc6 23. Be3 b5 24. Rd1 e5 25. f4 Rfd8 26. c4 Rab8
27. Qf3 a5 28. Rbb1 bxc4 29. Rxb8 Rxb8 30. Rc1 Ba4 31. Qe2 c3 32. Qd3 c2 33.
Qd5+ Kh8 34. h5 Bb3 35. Qd2 Rc8 36. fxe5 dxe5 37. Qf2 Rd8 38. h6 Qf7 39. g3
Qh5 40. hxg7+ Kxg7 41. g4 Rd1+ 42. Kg2 Qh1+ 43. Kg3 Rxc1 44. Bxc1 Qxc1 45.
Qa7+ Bf7 46. Qf2 Qf4+ 47. Qxf4 exf4+ 48. Kxf4 c1=Q+ 49. Kf3 Qxa3+ 50. Kf4
Qd6+ 51. Kf3 a4 52. Kf2 a3 53. Kf3 a2 54. Kf2 a1=Q 55. Kf3 Qc3+ 56. Kf2
Qdd2+ 57. Kf1 Qcc1# {White checkmated} 0-1

[Event "ICC tourney 2156 (40 10)"]
[Site "Internet Chess Club"]
[Date "2020.11.22"]
[Round "1"]
[White "TjkTiger"]
[Black "Randomdude21"]
[Result "1-0"]
[ICCResult "Black checkmated"]
[WhiteElo "2605"]
[BlackElo "1797"]
[Opening "English: three knights system"]
[ECO "A27"]
[NIC "EO.21"]
[Time "11:02:47"]
[TimeControl "2400+10"]

1. c4 e5 2. Nc3 Nc6 3. Nf3 f5 4. g3 Nf6 5. d4 e4 6. Nh4 d6 7. Ng2 Be7 8. h4
O-O 9. Nf4 b6 10. e3 Qe8 11. h5 Qf7 12. b3 Bb7 13. Bb2 Rfd8 14. Be2 Na5 15.
d5 Ba6 16. Nb5 Bxb5 17. cxb5 Nb7 18. b4 Nd7 19. Ne6 Rdc8 20. Rc1 Bf6 21.
Bxf6 Nxf6 22. g4 fxg4 23. Bxg4 Nxg4 24. Qxg4 Nd8 25. Qxe4 Nxe6 26. dxe6 Qe7
27. h6 g6 28. Rh4 Rf8 29. Rf4 Rae8 30. Rxf8+ Rxf8 31. Qd5 Rf5 32. Rxc7 Qe8
33. Rg7+ Kh8 34. Qb7 Qf8 35. e7 Qe8 36. Qc6 Rf8 37. exf8=Q+ Qxf8 38. Rxa7
Qxh6 39. Qe8+ Qf8 40. Qxf8# {Black checkmated} 1-0

[Event "ICC tourney 2156 (40 10)"]
[Site "Internet Chess Club"]
[Date "2020.11.22"]
[Round "1"]
[White "chessKingR"]
[Black "Aleksandrov73"]
[Result "0-1"]
[ICCResult "White resigns"]
[WhiteElo "1819"]
[BlackElo "2634"]
[Opening "Nimzo-Indian: classical variation"]
[ECO "E32"]
[NIC "NI.24"]
[Time "11:02:06"]
[TimeControl "2400+10"]

1. d4 Nf6 2. c4 e6 3. Nc3 Bb4 4. Qc2 O-O 5. e4 d5 6. e5 Ne4 7. Bd3 c5 8. Nf3
cxd4 9. Nxd4 Nd7 10. Bf4 Ndc5 11. O-O Bxc3 12. bxc3 Nxd3 13. Qxd3 b6 14.
cxd5 Qxd5 15. c4 Nc5 16. Qc3 Qe4 17. Bg3 Ba6 18. Rfe1 Qd3 19. Rac1 Rac8 20.
f3 Qxc3 21. Rxc3 Na4 22. Rc2 Rxc4 23. Rxc4 Bxc4 24. Rc1 b5 25. Bf2 a6 26. f4
Nb2 27. Be3 Nd3 28. Rc3 Nb4 29. Kf2 Nxa2 30. Ra3 b4 31. Ra4 b3 32. Nf3 Bd5
33. Rxa6 Nc3 34. Nd2 Nd1+ 35. Ke2 Nxe3 36. Kxe3 Rb8 37. Nb1 Bxg2 38. Kd4 h5
39. Kc3 Be4 40. Kb2 Bxb1 41. Kxb1 Rb4 42. f5 exf5 43. Ra8+ Kh7 44. Ra7 Re4
45. Re7 Kg6 46. Kb2 Re3 47. h4 f4 48. Rd7 f3 49. Rd1 Kf5 {White resigns} 0-1

[Event "ICC tourney 2156 (40 10)"]
[Site "Internet Chess Club"]
[Date "2020.11.22"]
[Round "1"]
[White "eigenator"]
[Black "andrewf2009"]
[Result "1-0"]
[ICCResult "Black resigns"]
[WhiteElo "2285"]
[BlackElo "1718"]
[Opening "French: Rubinstein variation"]
[ECO "C10"]
[NIC "FR.07"]
[Time "11:02:03"]
[TimeControl "2400+10"]

1. e4 e6 2. d4 d5 3. Nc3 dxe4 4. Nxe4 Nd7 5. Nf3 Ngf6 6. Nxf6+ Nxf6 7. c3 c5
8. Be3 Qc7 9. Bb5+ Bd7 10. Bxd7+ Nxd7 11. d5 exd5 12. Qxd5 Nf6 13. Qf5 Be7
14. O-O O-O 15. Rfe1 Rfe8 16. h3 Rad8 17. c4 Bd6 18. Bg5 Be7 19. Re5 b6 20.
Rae1 Qd6 21. Bxf6 Qxf6 22. Qxf6 gxf6 23. Rxe7 Rxe7 24. Rxe7 Rd1+ 25. Kh2 Rb1
26. b3 Rb2 27. Rxa7 Rxf2 28. Ra6 {Black resigns} 1-0

[Event "ICC tourney 2156 (40 10)"]
[Site "Internet Chess Club"]
[Date "2020.11.22"]
[Round "1"]
[White "Theutltl"]
[Black "Leolix"]
[Result "0-1"]
[ICCResult "White checkmated"]
[WhiteElo "1390"]
[BlackElo "1948"]
[Opening "Sicilian: Najdorf, Opocensky variation"]
[ECO "B92"]
[NIC "SI.11"]
[Time "11:02:07"]
[TimeControl "2400+10"]

1. e4 c5 2. Nf3 d6 3. d4 cxd4 4. Nxd4 Nf6 5. Nc3 a6 6. Be2 e5 7. Nb3 Be7 8.
O-O O-O 9. Be3 Be6 10. Qd2 Nbd7 11. f4 exf4 12. Bxf4 Ne5 13. Bxe5 dxe5 14.
Qxd8 Rfxd8 15. Rad1 b5 16. a3 Bxb3 17. cxb3 Bc5+ 18. Kh1 Bd4 19. Bf3 Rac8
20. Rc1 Rc6 21. Rc2 Rdc8 22. Rfc1 a5 23. b4 axb4 24. axb4 h6 25. Bd1 Bxc3
26. Bf3 Rd6 27. bxc3 Rcd8 28. Kg1 g5 29. g4 Rd3 30. Kf2 h5 31. h3 hxg4 32.
hxg4 Nh7 33. Be2 Rh3 34. Bxb5 Nf6 35. Bc6 Nxg4+ 36. Kg2 Rhd3 37. Rb2 Ne3+
38. Kg1 g4 39. Rbb1 g3 40. Bb5 Rd2 41. c4 Rg2+ 42. Kh1 Kg7 43. Re1 Rh8#
{White checkmated}
0-1

[Event "ICC tourney 2156 (40 10)"]
[Site "Internet Chess Club"]
[Date "2020.11.22"]
[Round "1"]
[White "orwind"]
[Black "town"]
[Result "0-1"]
[ICCResult "White resigns"]
[WhiteElo "1617"]
[BlackElo "2130"]
[Opening "Sicilian: Kan, 5.Nc3"]
[ECO "B43"]
[NIC "SI.41"]
[Time "11:02:01"]
[TimeControl "2400+10"]

1. e4 c5 2. Nf3 e6 3. d4 cxd4 4. Nxd4 a6 5. Nc3 Qc7 6. Be3 Nf6 7. Bd3 Bb4 8.
Ne2 d5 9. O-O dxe4 10. Nxe4 Nxe4 11. Bxe4 O-O 12. c3 Bd6 13. h3 Nd7 14. Bc2
Rd8 15. Qb1 h6 16. Rd1 Nf6 17. Bb3 b5 18. a4 bxa4 19. Bxa4 Bb7 20. Bb3 Bxg2
21. Kxg2 Qb7+ 22. f3 Qxb3 23. Nd4 Qb7 24. Rg1 Rab8 25. b4 Nd5 26. Bd2 Bf4
27. Bxf4 Nxf4+ 28. Kh2 Qc7 29. Kh1 Qxc3 30. Qf1 Qxd4 31. Rxa6 Qd3 32. Qxd3
Nxd3 33. Rb1 Rxb4 34. Rxb4 Nxb4 {White resigns} 0-1

[Event "ICC tourney 2156 (40 10)"]
[Site "Internet Chess Club"]
[Date "2020.11.22"]
[Round "1"]
[White "joeandjoe56"]
[Black "Openyagami"]
[Result "0-1"]
[ICCResult "White resigns"]
[WhiteElo "1736"]
[BlackElo "2593"]
[Opening "Sicilian: Labourdonnais-Löwenthal (Kalashnikov) variation"]
[ECO "B32"]
[NIC "SI.32"]
[Time "11:01:53"]
[TimeControl "2400+10"]

1. e4 c5 2. Nf3 Nc6 3. d4 cxd4 4. Nxd4 e5 5. Nb5 d6 6. N1c3 a6 7. Na3 b5 8.
Nd5 Nge7 9. Be3 Nxd5 10. Qxd5 Bb7 11. c3 Na5 12. Qd3 Qh4 13. Bb6 Nc6 14. g3
Qh5 15. Bg2 f5 16. Qe2 Qxe2+ 17. Kxe2 Ne7 18. Rhd1 fxe4 19. c4 d5 20. cxd5
Nxd5 21. Bxe4 Nc3+ 22. bxc3 Bxe4 23. Nb1 Be7 24. Nd2 Bd5 25. Nf3 Bc4+ 26.
Ke3 Rb8 27. Bc7 Bc5+ 28. Ke4 Rc8 29. Bxe5 Rf8 30. Rd2 Bf7 31. Nh4 Be6 32. f4
g5 33. fxg5 Be7 34. Bf6 Bxf6 35. gxf6 Rxf6 36. Rc1 Rc4+ 37. Ke3 Ra4 38. Rcc2
Ke7 39. Nf3 Bf5 40. Rc1 Re4+ 41. Kf2 Bg4 42. Rd3 Kf8 43. Rcd1 Re7 44. Rf1
Be6 45. Re1 Bxa2 46. Rxe7 Kxe7 47. Ke3 Bc4 48. Rd4 Re6+ 49. Re4 a5 50. Rxe6+
Kxe6 51. Ng5+ Kd5 52. Nxh7 a4 53. Kd2 a3 54. Kc1 Bd3 55. Nf6+ Kc4 56. Nd7
Kxc3 {White resigns} 0-1

[Event "ICC tourney 2156 (40 10)"]
[Site "Internet Chess Club"]
[Date "2020.11.22"]
[Round "1"]
[White "TheDude865"]
[Black "SupaHotFiya"]
[Result "1/2-1/2"]
[ICCResult "Game drawn by repetition"]
[WhiteElo "1492"]
[BlackElo "1936"]
[Opening "Pirc: classical system, 5.Be2"]
[ECO "B06"]
[NIC "PU.03"]
[Time "11:02:00"]
[TimeControl "2400+10"]

1. e4 g6 2. d4 Bg7 3. Nf3 d6 4. Be2 Nf6 5. Nc3 O-O 6. O-O a6 7. h3 b5 8. a3
Bb7 9. Bd3 Nbd7 10. b4 c5 11. Re1 cxd4 12. Nxd4 Rc8 13. Bb2 Nh5 14. Bf1 Ne5
15. Rb1 Nc4 16. Bxc4 Rxc4 17. Nd5 e6 18. Ne3 Rc8 19. Qd3 Nf4 20. Qd2 Qg5 21.
Nf3 Qh5 22. Bxg7 Kxg7 23. Ng4 f5 24. exf5 gxf5 25. Qxf4 fxg4 26. Qxg4+ Qxg4
27. hxg4 Bxf3 28. gxf3 e5 29. Re3 Rxc2 30. Rd1 Rd8 31. Rxe5 Rc3 32. Re3 Rc6
33. Kg2 d5 34. Red3 Rcd6 35. Rd4 Kg6 36. f4 R8d7 37. Kg3 Rd8 38. f5+ Kg7 39.
f4 R8d7 40. g5 Rd8 41. Kg4 R6d7 42. f6+ Kg8 43. f5 Kf7 44. Rh1 Kg8 45. Re1
Rc8 46. Re7 Rxe7 47. fxe7 Kf7 48. f6 Rc4 49. Rxc4 dxc4 50. Kf3 Ke8 51. Ke3
Kf7 52. Kd4 Ke8 53. Kd5 Kd7 54. Kd4 Ke8 55. a4 Kd7 56. axb5 axb5 57. Kc3 Ke8
58. Kd4 Kd7 59. Kc3 Ke8 60. Kd4 Kd7 61. Kc3 Ke8 {Game drawn by repetition}
1/2-1/2

[Event "ICC tourney 2156 (40 10)"]
[Site "Internet Chess Club"]
[Date "2020.11.22"]
[Round "1"]
[White "xyzchessdude"]
[Black "marinaxiao"]
[Result "1-0"]
[ICCResult "Black resigns"]
[WhiteElo "2009"]
[BlackElo "1488"]
[Opening "Réti: King's Indian attack (with ...c5)"]
[ECO "A08"]
[NIC "QP.10"]
[Time "11:01:56"]
[TimeControl "2400+10"]

1. Nf3 c5 2. g3 d5 3. c4 Nf6 4. Bg2 e6 5. O-O Be7 6. cxd5 exd5 7. d4 Nc6 8.
Nc3 Be6 9. dxc5 Bxc5 10. a3 O-O 11. b4 Bb6 12. Na4 Ne4 13. Nxb6 Qxb6 14. Be3
Qd8 15. Rc1 Qf6 16. Nd4 Nxd4 17. Bxd4 Qg6 18. f3 Nd6 19. Bc5 Rfd8 20. Bxd6
Rxd6 21. Qd4 a6 22. f4 Rad8 23. Rc7 b5 24. Rfc1 h6 25. R7c5 h5 26. R1c3 Qb1+
27. Kf2 Qg6 28. Re3 f6 29. Rec3 Qf7 30. Rc7 R8d7 31. R7c6 Qe7 32. Rxd6 Rxd6
33. e3 Qd7 34. Rc5 Kh8 35. Bf3 Bf7 36. Kg2 Kg8 37. Rc3 Kf8 38. Qc5 Ke7 39.
Rd3 Ke8 40. Rc3 Ke7 41. Qc7 Qxc7 42. Rxc7+ Rd7 43. Rxd7+ Kxd7 44. Kf2 Kd6
45. Ke2 Bg6 46. Kd2 Kc6 47. Kc3 Kd6 48. Kd4 Kc6 49. Bxd5+ Kd6 50. Bb7 Be8
51. Bf3 Bf7 52. e4 Be8 53. e5+ fxe5+ 54. fxe5+ Ke6 55. Bb7 Bd7 56. Bg2 g5
57. h4 g4 58. Be4 Be8 59. Bc2 Bf7 60. Bb3+ Ke7 61. Bxf7 Kxf7 62. Kd5 Ke7 63.
e6 Ke8 64. Ke5 Ke7 65. Kf5 Ke8 66. Kf6 Kf8 67. e7+ Ke8 68. Ke6 {Black
resigns} 1-0

[Event "ICC tourney 2156 (40 10)"]
[Site "Internet Chess Club"]
[Date "2020.11.22"]
[Round "1"]
[White "mnm2"]
[Black "HR2005"]
[Result "0-1"]
[ICCResult "White resigns"]
[WhiteElo "1494"]
[BlackElo "2021"]
[Opening "Sicilian: Prins (Moscow) variation"]
[ECO "B55"]
[NIC "SI.01"]
[Time "11:02:03"]
[TimeControl "2400+10"]

1. e4 c5 2. Nf3 d6 3. d4 cxd4 4. Nxd4 Nf6 5. f3 g6 6. c4 Bg7 7. Nc3 Nc6 8.
Be3 O-O 9. Be2 Bd7 10. O-O a6 11. Rc1 Nxd4 12. Bxd4 Qa5 13. Qd2 b5 14. Rfd1
Rfc8 15. b3 Qb4 16. Bxf6 Bxf6 17. Nd5 Qc5+ 18. Kh1 Qf2 19. Rf1 Qa7 20. Nxf6+
exf6 21. Qxd6 Rc6 22. Qd2 Rac8 23. Rfd1 Be6 24. Qd4 Qc7 25. Rc2 bxc4 26.
bxc4 Kg7 27. Rdd2 Bxc4 28. Bxc4 Rxc4 29. Rxc4 Qxc4 30. Qxc4 Rxc4 31. Kg1 a5
32. Kf2 g5 33. Ke3 Kg6 34. g3 Ra4 35. f4 g4 36. Rc2 f5 37. e5 h5 38. Rc6+
Kg7 39. Rc2 Ra3+ 40. Kd4 h4 41. Rg2 a4 42. Kc4 Re3 43. Kb4 a3 44. Kc4 Kf8
45. Kb4 Ke7 46. Kc4 Ke6 47. Kd4 Re4+ 48. Kc5 Re1 49. Rd2 Rb1 50. Rd6+ Ke7
51. Rd2 Rb2 52. Rd6 h3 53. Kc6 Rc2+ 54. Kd5 Rxa2 55. e6 Rd2+ 56. Kc6 Rxd6+
{White resigns}
0-1

[Event "ICC tourney 2156 (40 10)"]
[Site "Internet Chess Club"]
[Date "2020.11.22"]
[Round "2"]
[White "musk6868"]
[Black "michaelxiao"]
[Result "1-0"]
[ICCResult "Black checkmated"]
[WhiteElo "2066"]
[BlackElo "1330"]
[Opening "French: Tarrasch, open variation"]
[ECO "C07"]
[NIC "FR.18"]
[Time "13:18:01"]
[TimeControl "2400+10"]

1. e4 e6 2. d4 d5 3. Nd2 c5 4. Ngf3 Nc6 5. exd5 Qxd5 6. Bc4 Qd8 7. O-O Nf6
8. Nb3 cxd4 9. Nbxd4 Nxd4 10. Qxd4 Qxd4 11. Nxd4 Bc5 12. Nb5 Bb6 13. Be3 O-O
14. Bxb6 axb6 15. Nd6 Rd8 16. Rfd1 Ra4 17. Bb3 Rf4 18. g3 Rf3 19. Kg2 Rxb3
20. axb3 Bd7 21. f3 Nd5 22. Kf2 Nb4 23. Rd2 Bc6 24. c3 Nd5 25. b4 b5 26. Ne4
b6 27. Ra7 Ra8 28. Rxa8+ Bxa8 29. b3 f5 30. Ng5 Nxc3 31. Rd8# {Black
checkmated} 1-0

[Event "ICC tourney 2156 (40 10)"]
[Site "Internet Chess Club"]
[Date "2020.11.22"]
[Round "2"]
[White "marinaxiao"]
[Black "joeandjoe56"]
[Result "0-1"]
[ICCResult "White resigns"]
[WhiteElo "1484"]
[BlackElo "1742"]
[Opening "Giuoco Piano"]
[ECO "C54"]
[NIC "IG.02"]
[Time "13:18:03"]
[TimeControl "2400+10"]

1. e4 e5 2. Nf3 Nc6 3. Bc4 Bc5 4. c3 Nf6 5. d3 d6 6. a4 a6 7. Bg5 Qe7 8. O-O
h6 9. Bc1 g5 10. d4 Ba7 11. dxe5 Nxe5 12. Nxe5 Qxe5 13. Nd2 Bg4 14. Qb3 O-O
15. h3 Bd7 16. Qxb7 Bb6 17. Bxf7+ Kxf7 18. Nc4 Qc5 19. Nxb6 Qxb6 20. Qxb6
cxb6 21. Be3 b5 22. a5 Nxe4 23. Rad1 Ke6 24. Rfe1 Kf7 25. f3 Nf6 26. Rxd6
Rfe8 27. Kf2 Re6 28. Rdd1 Rae8 29. Bd4 Rxe1 30. Rxe1 Rxe1 31. Kxe1 Nd5 32.
Be5 Ne3 33. Kf2 Nc4 34. b3 Nxe5 {White resigns} 0-1

[Event "ICC tourney 2156 (40 10)"]
[Site "Internet Chess Club"]
[Date "2020.11.22"]
[Round "2"]
[White "Aleksandrov73"]
[Black "JonnyTurgi"]
[Result "1-0"]
[ICCResult "Black resigns"]
[WhiteElo "2635"]
[BlackElo "2086"]
[Opening "QGD semi-Slav: Meran, Wade variation"]
[ECO "D47"]
[NIC "SL.09"]
[Time "13:17:59"]
[TimeControl "2400+10"]

1. d4 d5 2. c4 c6 3. Nc3 Nf6 4. e3 e6 5. Nf3 Nbd7 6. Bd3 dxc4 7. Bxc4 b5 8.
Bd3 Bb7 9. O-O a6 10. e4 c5 11. d5 Qc7 12. b3 exd5 13. exd5 O-O-O 14. Bg5
Ne5 15. Rc1 Bxd5 16. Nxd5 Rxd5 17. Bf5+ Kb8 18. Qe2 Bd6 19. Rfd1 Rd8 20.
Rxd5 Nxf3+ 21. Qxf3 Bxh2+ 22. Kh1 Rxd5 23. Bxf6 {Black resigns} 1-0

[Event "ICC tourney 2156 (40 10)"]
[Site "Internet Chess Club"]
[Date "2020.11.22"]
[Round "2"]
[White "ToughTurtle"]
[Black "Frankiechess11"]
[Result "1-0"]
[ICCResult "Black resigns"]
[WhiteElo "1508"]
[BlackElo "1695"]
[Opening "Four knights: Spanish variation"]
[ECO "C48"]
[NIC "KP.03"]
[Time "13:18:05"]
[TimeControl "2400+10"]

1. e4 e5 2. Nf3 Nc6 3. Nc3 Nf6 4. Bb5 d6 5. d4 exd4 6. Nxd4 Bd7 7. Nxc6 Bxc6
8. Bxc6+ bxc6 9. Bf4 Be7 10. Qe2 O-O 11. Rd1 Re8 12. O-O Bf8 13. Qf3 Qe7 14.
Rfe1 d5 15. Bg5 Rad8 16. e5 h6 17. Bf4 Nd7 18. Re2 Nb6 19. Qg3 g5 20. h4 d4
21. Ne4 Nd5 22. hxg5 Nxf4 23. Qxf4 hxg5 24. Nf6+ Qxf6 25. Qxf6 Bg7 26. Qxg5
Rd5 27. f4 f6 28. Qg6 {Black resigns} 1-0

[Event "ICC tourney 2156 (40 10)"]
[Site "Internet Chess Club"]
[Date "2020.11.22"]
[Round "2"]
[White "GutsyEdge"]
[Black "TjkTiger"]
[Result "0-1"]
[ICCResult "White resigns"]
[WhiteElo "2031"]
[BlackElo "2606"]
[Opening "King's Indian defense, 3.Nc3"]
[ECO "E61"]
[NIC "KI.80"]
[Time "13:18:17"]
[TimeControl "2400+10"]

1. d4 Nf6 2. c4 g6 3. Nc3 Bg7 4. e3 O-O 5. e4 d6 6. Bg5 c5 7. d5 a6 8. Bd3
b5 9. cxb5 axb5 10. Nf3 b4 11. Ne2 Bg4 12. Ng3 Nbd7 13. h3 Bxf3 14. Qxf3 Ne5
15. Qe2 Nxd3+ 16. Qxd3 Nd7 17. Qe2 b3 18. a3 Qa5+ 19. Bd2 Qa4 20. Rb1 c4 21.
O-O Nc5 22. Bg5 Rfe8 23. h4 Nd3 24. Bc1 e6 25. dxe6 Rxe6 26. h5 d5 27. hxg6
hxg6 28. Qf3 dxe4 29. Nxe4 Qc6 30. Nd2 Qxf3 31. Nxf3 Re2 32. Rd1 Nxf2 33.
Rd2 Rxd2 34. Nxd2 Nd3 35. Kf1 Re8 36. Nf3 Re4 37. a4 Nxc1 38. Rxc1 Bxb2 39.
Re1 Rxe1+ 40. Nxe1 Bc3 {White resigns} 0-1